 Dungeon Crawl Stone Soup version 0.31-a0-355-g57cb03d3e8 (webtiles) character file.

Game seed: 5266230451899721480

4606 Newt the Mimic (level 10, 0/71 HPs)
             Began as a Merfolk Shapeshifter on July 24, 2023.
             Was a Follower of Hepliaklqana.
             Slain by a boulder beetle (10 damage)
             ... on level 7 of the Dungeon.
             The game lasted 00:09:36 (6709 turns).

Newt the Mimic (Merfolk Shapeshifter)               Turns: 6709, Time: 00:09:37

Health: 0/71       AC:  3    Str: 23    XL:     10   Next: 42%
Magic:  8/10       EV: 19    Int: 12    God:    Hepliaklqana [*.....]
Gold:   213        SH:  0    Dex: 23    Spells: 9/9 levels left

rFire   . . .        J - +5 spear (freeze)
rCold   . . .        (no shield)
rNeg    + . .        a - +1 animal skin
rPois   .            (helmet currently unavailable)
rElec   .            (cloak currently unavailable)
rCorr   .            (gloves currently unavailable)
SInv    .            (boots currently unavailable)
Will    .....        (no amulet)
Stlth   ++           p - ring "Ciugaul" {Contam rN+ Int+6 Slay+2}
HPRegen 0.31/turn    G - +6 ring of dexterity
MPRegen 0.12/turn

%: no passive effects
@: mighty, beast-form
A: beast (slay +6), reduced essence, (nimble swimmer 2), mertail, agile 1,
strong 1
a: Begin Untransformation, Renounce Religion, Recall Ancestor, Ancestor Identity


You were on level 7 of the Dungeon.
You worshipped Hepliaklqana.
Hepliaklqana was aware of your devotion.
You were a hulking beast.
You visited 2 branches of the dungeon, and saw 8 of its levels.
You also visited: Sewer and Ossuary.

You collected 419 gold pieces.
You spent 206 gold pieces at shops.

Inventory:

Hand Weapons
 t - a +0 short sword of holy wrath
 w - a +0 scythe of protection
 D - a +2 trident of protection
 J - a +5 spear of freezing (weapon)
Missiles
 k - 20 poisoned darts
Armour
 a - a +1 animal skin (worn)
 y - a scarf of repulsion
Jewellery
 d - a ring of positive energy
 p - the ring "Ciugaul" (left hand) {Contam rN+ Int+6 Slay+2}
   (You found it in a sewer)

   [ring of intelligence]

   Int:       It affects your intelligence (+6).
   Slay:      It affects your accuracy & damage with ranged weapons and melee
   (+2).
   rN:        It protects you from negative energy.
   Contam:    It causes magical contamination when unequipped.
 v - a ring of protection from fire
 G - a +6 ring of dexterity (right hand)
Talismans
 c - a beast talisman
Wands
 F - a wand of flame (20)
 H - a wand of polymorph (10)
Scrolls
 f - a scroll of poison
 g - a scroll of summoning
 j - a scroll of revelation
 m - 2 scrolls of enchant armour
 n - 2 scrolls of noise
 r - a scroll of identify
 s - a scroll of brand weapon
 u - 2 scrolls of fear
 B - a scroll of fog {unknown}
 E - 7 scrolls of teleportation
 K - a scroll of amnesia
Potions
 b - 2 potions of lignification
 h - 2 potions of might
 i - 4 potions of ambrosia
 l - 2 potions of brilliance
 o - 6 potions of curing
 q - 3 potions of mutation
 x - 3 potions of haste
 z - a potion of heal wounds
 A - a potion of invisibility
 C - 3 potions of degeneration
 I - a potion of cancellation
 L - a potion of enlightenment {unknown}


   Skills:
 + Level 7.2 Fighting
 - Level 9.0 Polearms
 - Level 9.0 Dodging
 - Level 3.2 Unarmed Combat
 - Level 6.0 Evocations
 - Level 9.0 Shapeshifting


You had 9 spell levels left.
You didn't know any spells.
Your spell library contained the following spells:

 Spells                   Type           Power      Damage    Failure   Level
 Apportation              Tloc           0%         N/A       32%         1
 Necrotise                Necr           0%         1d4       32%         1
 Sandblast                Erth           0%         2d4       32%         1
 Summon Small Mammal      Summ           0%         N/A       32%         1
 Blink                    Tloc           0%         N/A       45%         2
 Ensorcelled Hibernation  Hex/Ice        0%         N/A       45%         2
 Lesser Beckoning         Tloc           0%         N/A       45%         2
 Momentum Strike          Conj/Tloc      0%         3d8       45%         2
 Passwall                 Tmut/Erth      0%         N/A       45%         2
 Frozen Ramparts          Ice            0%         1d1       69%         3
 Stone Arrow              Conj/Erth      0%         3d7       69%         3
 Anguish                  Hex/Necr       0%         N/A       97%         4
 Petrify                  Tmut/Erth      0%         N/A       97%         4
 Metabolic Englaciation   Hex/Ice        0%         N/A       100%        5


Dungeon Overview and Level Annotations

Branches:
Dungeon (7/15)             Temple (1/1) D:4           Sewer (visited)
Ossuary (visited)

Altars:
Cheibriados
Dithmenos
Elyvilon
Gozag
Hepliaklqana
Kikubaaqudgha
Makhleb
Nemelex Xobeh
Qazlal
Ru
Sif Muna
Trog
Uskayaw
Vehumet
Wu Jian
Xom
Yredelemnul
Zin
The Shining One

Shops:
D:4 !   D:5 ?(:!

Annotations:
D:5 2 runed translucent doors
D:7 2 runed translucent doors


Innate Abilities, Weirdness & Mutations

You are a hulking beast.
Your limbs bulge with bestial killing power. (Slay +6)
Your life essence is reduced to manifest your ancestor. (-10% HP)
((You are very nimble when in or above water. (Stealth+, EV+, Speed+++)))
Your lower body shifts to a powerful aquatic tail in water.
You are agile. (Dex +4, Str/Int -1)
Your muscles are strong. (Str +4, Int/Dex -1)


Message History

You puncture the boulder beetle! You freeze the boulder beetle.
The boulder beetle is moderately wounded.
You hear an angry hiss.
The boulder beetle bites you!!
* * * LOW HITPOINT WARNING * * *
You feel much better.
Edmée hits the boulder beetle but does no damage.
The boulder beetle bites you!
* * * LOW HITPOINT WARNING * * *
Throw: throwing net
Press: ? - help, Shift-Dir - straight line, f - boulder beetle
Aim: a boulder beetle (moderately wounded, ally target, 92% to hit)
You throw a throwing net.
The throwing net hits the boulder beetle.
The boulder beetle is caught in the net!
The boulder beetle is moderately wounded.
Edmée hits the boulder beetle but does no damage.
The boulder beetle leaps!
Unknown command.
You completely miss the orc.
Edmée hits the orc!
The orc dies!
Something closely misses Edmée.
An iguana comes into view.
Edmée hits the iguana but does no damage.
You are too injured to fight recklessly!
Reach: J) +5 spear (freeze)
Press: ? - help, Dir - move target, f - iguana, p - boulder beetle
Aim: an iguana (ally target, about 20% to evade your +5 spear of freezing)
You reach to attack!
You impale the iguana!! You freeze the iguana.
You kill the iguana!
Unknown command.
Edmée is recalled.
The boulder beetle curls into a ball and begins rolling!
Edmée hits the boulder beetle but does no damage.
The boulder beetle hits you!
* * * LOW HITPOINT WARNING * * *
The boulder beetle stops rolling and uncurls.
The boulder beetle attacks as you move away!
The boulder beetle bites you!
You die...

###.#.+# ..:#B.. #.#.....
#.#.#.# .":}. #..##....
#.#.#..# .B. #..####...
#...##..##)##..###.....
####...##..#.#..###.....#
#.......##.)#†.###....#..
#........###)####..#R.##.
#......#..R....#..##..###
#......#h#○....#.###[#...
#........B.....'....###..
#........#.....#...[.#.##
#....)))##.#...#..###..##
#......###.#...##..##..#.
#......# #.##...##.)#....
#......# #.##....##.....#
####.### #.##.....###'###
#.# #.##.##.........


You could see the friendly Edmée the ancestor and a boulder beetle (ally
target).

Vanquished Creatures
  A cyclops (D:7)
  2 trolls (D:7)
  Sigmund (D:3)
  A wyvern (D:7)
  A yak (D:5)
  A wraith (Ossuary)
  An acid dragon (D:5)
  An orc warrior (D:6)
  2 sky beasts
  3 ogres
  4 centaurs
  4 phantoms (D:5)
  6 bullfrogs
  A kobold brigand (D:7)
  3 scorpions (D:5)
  4 wights (D:6)
  3 howler monkeys (D:7)
  3 jellies
  4 orc priests
  4 hounds
  An iguana (D:7)
  An orc wizard (D:5)
  A mummy (Ossuary)
  3 gnolls (D:6)
  10 adders
  A river rat (D:3)
  2 white imps
  An ufetubus (D:5)
  2 dart slugs
  24 orcs
  7 ball pythons
  6 bats
  15 endoplasms
  8 giant cockroaches
  5 goblins
  8 hobgoblins
  3 jackals (D:3)
  14 quokkas
  12 frilled lizards
  5 gnoll skeletons (Ossuary)
  A goblin zombie (D:6)
  9 kobolds
  6 kobold skeletons (Ossuary)
  9 orc skeletons (Ossuary)
  8 rats
  A rat zombie (D:6)
213 creatures vanquished.

Vanquished Creatures (collateral kills)
  A basilisk (D:7)
  An orc warrior (D:6)
  A wight (D:6)
  An iguana (D:6)
  3 orcs
  2 gnoll skeletons (Ossuary)
  A kobold (D:7)
  A kobold skeleton (Ossuary)
  2 orc skeletons (Ossuary)
13 creatures vanquished.

Grand Total: 226 creatures vanquished

Notes
Turn   | Place    | Note
-------+----------+-------------------------------------------
     0 | D:1      | Newt the Merfolk Shapeshifter began the quest for the Orb.
     0 | D:1      | Reached XP level 1. HP: 15/15 MP: 1/1
   244 | D:1      | Reached XP level 2. HP: 11/22 MP: 2/2
  1207 | D:2      | Reached XP level 3. HP: 29/29 MP: 3/3
  1461 | D:2      | You fall into a shaft and drop 1 floor!
  1514 | D:3      | Found a glowing drain.
  1546 | D:3      | Reached XP level 4. HP: 17/37 MP: 4/4
  1617 | Sewer    | Entered a sewer
  2020 | Sewer    | Noticed a bullfrog
  2020 | Sewer    | Noticed a bullfrog
  2030 | Sewer    | Killed a bullfrog
  2031 | Sewer    | Reached skill level 5 in Shapeshifting
  2031 | Sewer    | Reached XP level 5. HP: 22/42 MP: 5/5
  2033 | Sewer    | Reached XP level 6. HP: 26/48 MP: 6/6
  2062 | Sewer    | Identified the ring "Ciugaul" {Contam rN+ Int+6 Slay+2}
  2374 | D:3      | Found a basalt altar of Yredelemnul.
  2443 | D:3      | Noticed Sigmund
  2457 | D:3      | Killed Sigmund
  2458 | D:3      | Reached skill level 1 in Polearms
  2669 | D:3      | Reached XP level 7. HP: 9/54 MP: 7/7
  3343 | D:4      | Gained mutation: Your muscles are strong. (Str +4, Int/Dex
                  | -1) [potion of mutation]
  3343 | D:4      | Gained mutation: You are agile. (Dex +4, Str/Int -1)
                  | [potion of mutation]
  3375 | D:4      | Found Ideshum's Distillery.
  3399 | D:4      | Bought a potion of curing for 30 gold pieces
  3399 | D:4      | Bought a potion of heal wounds for 50 gold pieces
  3399 | D:4      | Bought a potion of haste for 100 gold pieces
  3505 | D:4      | Found a staircase to the Ecumenical Temple.
  3532 | Temple   | Entered the Ecumenical Temple
  3656 | D:4      | Found a hide-covered altar of Uskayaw.
  3656 | D:4      | Noticed a +0 short sword
  3656 | D:4      | Noticed a +0 falchion
  3657 | D:4      | Noticed a +0 spear
  3658 | D:4      | Noticed a +0 dagger
  3658 | D:4      | Noticed a +0 dagger
  3658 | D:4      | Noticed a +0 falchion
  3660 | D:4      | Noticed a +0 short sword
  3661 | D:4      | Noticed a +0 spear
  3762 | D:5      | Entered Level 5 of the Dungeon
  3762 | D:5      | Found Epeostraf's Book Shoppe.
  3762 | D:5      | Found Siaroxir's Distillery.
  3772 | D:5      | Found Xioz's Weapon Shoppe.
  3779 | D:5      | Found Bousos's Magic Scroll Shoppe.
  3788 | D:5      | Bought a scroll of identify for 26 gold pieces
  3831 | D:5      | Found a shadowy altar of Dithmenos.
  3868 | D:5      | Reached XP level 8. HP: 53/60 MP: 8/8
  3958 | D:5      | Found a large runed translucent door.
  3958 | D:5      | Found a large runed translucent door.
  3991 | D:5      | Reached skill level 5 in Polearms
  4141 | Temple   | Became a worshipper of Hepliaklqana the Forgotten
  4302 | D:5      | Found a glowing golden altar of the Shining One.
  4362 | D:5      | Found a large runed translucent door.
  4422 | D:5      | Noticed a yak
  4433 | D:5      | Found a large runed translucent door.
  4514 | D:5      | Found an opulent altar of Gozag.
  4619 | D:5      | Found a bloodstained altar of Trog.
  5070 | D:5      | Killed a yak
  5071 | D:5      | Reached XP level 9. HP: 65/65 MP: 9/9
  5076 | D:5      | Reached skill level 5 in Dodging
  5304 | D:6      | Found a glowing silver altar of Zin.
  5404 | D:6      | Found a snail-covered altar of Cheibriados.
  5446 | D:6      | Found a stormy altar of Qazlal.
  5520 | D:6      | Found a sand-covered staircase.
  5520 | D:6      | Reached * piety under Hepliaklqana
  5527 | Ossuary  | Entered an ossuary
  5842 | D:6      | Reached skill level 1 in Evocations
  6252 | D:7      | Found a large runed translucent door.
  6252 | D:7      | Found a large runed translucent door.
  6382 | D:7      | Noticed a cyclops
  6391 | D:7      | Killed a cyclops
  6392 | D:7      | Reached XP level 10. HP: 59/65 MP: 10/10
  6471 | D:7      | Reached skill level 5 in Fighting
  6638 | D:7      | Found a radiant altar of Vehumet.
  6638 | D:7      | Found a shimmering altar of Xom.
  6639 | D:7      | Found a burning altar of Makhleb.
  6639 | D:7      | Found an ornate altar of the Wu Jian Council.
  6683 | D:7      | Noticed a boulder beetle
  6709 | D:7      | Slain by a boulder beetle

Illustrated notes

Levels and vault maps discovered:
D:1:      nicolae_arrival_somewhat_less_tricky_arrival, layout_basic,
          minmay_pentomino_u2
D:2:      layout_loops_ring, basic_altar
D:3:      layout_basic, mainiacjoe_overflow_concentric_impassable,
          portal_sewer_entry_c, uniq_sigmund
D:4:      layout_basic, nicolae_uskayaw_en_pointe,
          minmay_temple_entry_butterflies, serial_shops, nicolae_diamond_shop,
          amcnicky_mini_corridor_feature, chequers_serial_rivers_large_a,
          corexii_item_surrounded_by_moat, hangedman_abyss_or_decor_passed,
          uniq_blork_the_orc
D:5:      layout_basic, trog_hazing_becter, nicolae_dithmenos_the_darkroom,
          mainiacjoe_overflow_swirl, minmay_shop_grid_forest, minivault_27,
          minmay_hollow_rounded_squares
D:6:      layout_gridville, nicolae_qazlal_beasts_of_the_sky,
          kennysheep_slug_shrine, zin_statuary, enter_ossuary_4, st_stairs_11,
          grunt_ministairs_3
D:7:      minmay_the_grid_octo_triangle [minmay_the_grid_octo_shrine,
          minmay_the_grid_octo_prize_star, minmay_the_grid_octo_pinwheel],
          layout_rooms, jmf_multi_god_temple2
Temple:   pf_temple_reverse_labyrinth

Skill      XL: |  1  2  3  4  5  6  7  8  9 10 |
---------------+-------------------------------+-----
Fighting       | 2 3 4 7 |  7.2
Dodging        | 3 4 9 |  9.0
Shapeshifting  | 5 7 8 9 |  9.0
Polearms       | 2 4 9 |  9.0
Evocations     | 6 |  6.0
Unarmed Combat | |  3.2

Action                     |  1- 3 |  4- 6 |  7- 9 | 10-12 || total
---------------------------+-------+-------+-------+-------++-------
  Melee: Unarmed           |    84 |   125 |       |       ||   209
         Punch             |     1 |     2 |     4 |     2 ||     9
         Tailslap          |       |     9 |       |       ||     9
         Halberd           |       |    21 |    97 |       ||   118
         Trident           |       |       |   150 |       ||   150
         Spear             |       |       |    15 |    42 ||    57
  Throw: Throwing net      |       |       |       |     1 ||     1
 Invoke: Recall Ancestor   |       |       |       |     1 ||     1
    Use: Potion            |       |     1 |     2 |     2 ||     5
         Scroll            |       |       |    17 |       ||    17
   Stab: Sleeping          |       |    10 |     6 |     2 ||    18
         Distracted        |       |       |     1 |       ||     1
 Armour: Animal skin       |     8 |    15 |    35 |       ||    58
  Dodge: Dodged            |    51 |   101 |   100 |    17 ||   269

Table legend: (Time is in decaauts)
 A = Elapsed time spent in this place.
 B = Non-inter-level travel time spent in this place.
 C = Inter-level travel time spent in this place.
 D = Time resting spent in this place.
 E = Time spent auto-exploring this place.
 F = Levels seen in this place.
 G = Mean time per level.
                   A        B        C        D        E       F      G
               +--------+--------+--------+--------+--------+-----+--------+
         Total |   6641 |   6162 |    479 |    877 |   4038 |  10 |  664.1 |
       Dungeon |   5738 |   5395 |    343 |    697 |   3711 |   7 |  819.7 |
        Temple |    137 |      1 |    136 |      0 |      0 |   1 |  137.0 |
         Sewer |    582 |    582 |      0 |    180 |    218 |   1 |  582.0 |
       Ossuary |    183 |    183 |      0 |      0 |    108 |   1 |  183.0 |
               +--------+--------+--------+--------+--------+-----+--------+

Top non-repeatable levels by time:
     D:5: 1218 daAuts
     D:1: 1159 daAuts
     D:3: 1081 daAuts
     D:6: 889 daAuts
     D:4: 632 daAuts
   Sewer: 582 daAuts
     D:7: 459 daAuts
     D:2: 297 daAuts
 Ossuary: 183 daAuts
  Temple: 137 daAuts
